 Dungeon Crawl Stone Soup version 0.18.1-48-g4cf74bf (webtiles) character file.

254416 dvd the Severer (level 20, -3/184 HPs)
             Began as a Hill Orc Gladiator on June 24, 2016.
             Was the Champion of Beogh.
             Slain by a vault warden
             ... wielding a +4 glaive of protection
             ... summoned by a vault sentinel
              (17 damage)
             ... on level 2 of the Vaults on June 26, 2016.
             The game lasted 04:28:00 (39973 turns).

dvd the Severer (Hill Orc Gladiator)               Turns: 39973, Time: 04:28:02

Health: -3/184     AC: 39    Str: 23    XL:     20   Next: 18%
Magic:  30/30      EV: 17    Int:  8    God:    Beogh [******]
Gold:   2981       SH:  0    Dex: 15    Spells: 0 memorised, 19 levels left

rFire  + . .     SeeInvis +     x - +8 lance "Wyrmbane" {slay drac, +Rage rPois rF+ AC+5}
rCold  + . .     Gourm    .     z - +4 plate armour {rC+}
rNeg   . . .     Faith    .     (no shield)
rPois  +         Spirit   .     p - +2 hat
rElec  .         Dismiss  .     G - +2 cloak
rCorr  .         Reflect  .     s - +0 pair of gloves
SustAt .         Harm     .     h - +2 pair of boots
MR     ++...                    k - amulet of regeneration
Stlth  +.........               o - ring "Irenkeirch" {MR+ SInv Stlth+}
                                d - +4 ring of evasion

@: lethally poisoned (-3 -> -4), very resistant to hostile enchantments, very
unstealthy
A: walk on water, molten scales 1, high mp 1
a: Smiting, Recall Orcish Followers, Give Item to Named Follower, Resurrection,
Renounce Religion, Evoke Berserk Rage
}: 1/15 runes: serpentine


You were on level 2 of the Vaults.
You worshipped Beogh.
Beogh was exalted by your worship.
You were hungry.

You visited 7 branches of the dungeon, and saw 34 of its levels.
You visited 1 bazaar.
You also visited: Labyrinth.

You collected 4239 gold pieces.
You spent 1258 gold pieces at shops.

Inventory:

Hand Weapons
 a - the +7 hand crossbow of Arrival {venom, rElec SInv}
   (You took it off a vault sentinel on level 2 of the Vaults)

   It poisons the ammo it fires.
   It insulates you from electricity.
   It lets you see invisible.
 e - the +1 spear of Wealth {pierce, rElec}
   (You took it off a deep elf death mage on level 3 of the Elven Halls)

   It inflicts extra damage upon your enemies.
   It insulates you from electricity.
 q - a +3 eveningstar of pain
 r - the +3 executioner's axe of Laceration {chop, rPois Int+4}
   (You found it on level 2 of the Vaults)

   It inflicts extra damage upon your enemies.
   It affects your intelligence (+4).
   It protects you from poison.
 x - the +8 lance "Wyrmbane" (weapon) {slay drac, +Rage rPois rF+ AC+5}
   (You took it off a deep elf mage on level 3 of the Elven Halls)

   It affects your AC (+5).
   It protects you from fire.
   It protects you from poison.
   It lets you go berserk.
 L - a +1 executioner's axe of electrocution
 O - a +6 longbow of flaming
 P - the +8 quarterstaff "Muah" {flame, *Contam rPois Dex+2}
   (You found it on level 1 of the Vaults)

   It has been specially enchanted to burn those struck by it, causing extra
   injury to most foes and up to half again as much damage against particularly
   susceptible opponents.
   It affects your dexterity (+2).
   It protects you from poison.
   It causes magical contamination when unequipped.
 R - a +5 falchion of draining
Armour
 g - the +3 warlock's mirror {reflect}
   (You acquired it in a bazaar)
 h - a +2 pair of boots (worn)
 l - the +1 chain mail "Tosistos" {rF+ Dex+4 Stlth+}
   (You found it on level 1 of the Vaults)

   It affects your dexterity (+4).
   It protects you from fire.
   It makes you more stealthy.
 p - a +2 hat (worn)
 s - a +0 pair of gloves (worn)
 z - a +4 plate armour of cold resistance (worn)
 B - a +4 plate armour of fire resistance
 G - a +2 cloak (worn)
 W - the +1 plate armour "Lotwopey" {rC++}
   (You found it on level 2 of the Vaults)

   It greatly protects you from cold.
Jewellery
 d - a +4 ring of evasion (left hand)
 k - an amulet of regeneration (around neck)
 n - a +4 ring of strength
 o - the ring "Irenkeirch" (right hand) {MR+ SInv Stlth+}
   (You took it off a deep elf knight on level 3 of the Elven Halls)

   [ring of see invisible]

   It affects your resistance to hostile enchantments.
   It lets you see invisible.
   It makes you more stealthy.
 J - the ring of Lockouku {Fire Int+4 Dex+4 Stlth+}
   (You took it off a deep elf mage on level 3 of the Elven Halls)

   [ring of fire]

   It enhances your fire magic, and weakens your ice magic.
   It affects your intelligence (+4).
   It affects your dexterity (+4).
   It protects you from fire.
   It makes you vulnerable to cold.
   It makes you more stealthy.
 N - an uncursed ring of protection from cold
Wands
 t - a wand of disintegration (14/24)
 w - a wand of iceblast (11/15)
 y - a wand of lightning (6/15)
 K - a wand of lightning (8/15)
 S - a wand of hasting (5/9)
 Z - a wand of acid (7/15)
Scrolls
 b - 17 scrolls of identify
 m - 4 scrolls of fog
 u - a scroll of fear
 v - 6 scrolls of teleportation
 C - 4 scrolls of recharging
 D - a scroll of magic mapping
 F - 11 scrolls of remove curse
 H - 2 scrolls of holy word
 I - 3 scrolls of blinking
Potions
 c - 3 potions of heal wounds
 i - a potion of magic
 E - a potion of haste
 M - 3 potions of cure mutation
 U - 5 potions of curing
 V - a potion of agility
Comestibles
 f - 25 bread rations
 j - 16 fruits
 Q - 11 meat rations
 Y - 2 beef jerkies


   Skills:
 + Level 17.3 Fighting
 + Level 20.8(21.5) Axes
 + Level 7.2(13.8) Maces & Flails
 + Level 5.2(13.1) Polearms
 + Level 2.6 Throwing
 + Level 13.6 Armour
 + Level 11.5 Dodging
 + Level 8.1 Stealth
 + Level 14.5 Shields
 + Level 9.9 Invocations
 + Level 3.4 Evocations


You had 19 spell levels left.
You didn't know any spells.

Dungeon Overview and Level Annotations

Branches:
Dungeon (14/15)            Temple (0/1) D:7            Lair (8/8) D:8
  Swamp (1/4) Lair:4        Snake (4/4) Lair:6        Slime (0/6) Lair:6
    Orc (2/2) D:9             Elf (3/3) Orc:2        Vaults (2/5) D:13
  Crypt: Vaults:2-3

Altars:
Ashenzari
Fedhas
Gozag
Kikubaaqudgha
Makhleb
Ru
Sif Muna
Vehumet
Xom
Yredelemnul
Zin
The Shining One
Beogh

Shops:
D:7 %   Orc:2 **:?   Elf:1 *   Snake:3 :

Portals:
Hell: Lair:8


Innate Abilities, Weirdness & Mutations

You can walk on water.
You are partially covered in molten scales (AC +1).
You have an increased reservoir of magic (+10% MP).


Message History

Attack!
Your orc warrior hits the ettin with a scimitar!!
Unknown command.
You hit the ettin but do no damage.
The ettin is moderately wounded.
The ettin misses you. The ettin hits you but does no damage.
The vault warden hits you but does no damage.
Your orc warrior hits the ettin with a scimitar!
Unknown command.
You hit the ettin but do no damage.
The ettin is heavily wounded.
Unknown command.
You puncture the ettin!
The ettin is severely wounded.
The ettin hits you with a dire flail!!
* * * LOW HITPOINT WARNING * * *
The ettin hits you with a dire flail!
* * * LOW HITPOINT WARNING * * *
The vault warden hits you from afar with a glaive of protection!
You die...

########.....).....#...
##########...........#...
#........#<..pp......#...
#........#...>.......#...
#........#.......o...#...
#........#.........o.#...
#........#..........)'...
#........#oo.........#...
#.....oo@#pc.o.......#...
#...†.)oC#.C.........#...
#...)).o.ppco........#...
###+######p#####+#####...
#......# #cc#.. ..# ####
#......# #..#.. ..#.....
#......# ..# +.....
#......# #+# #.....
#......# .. #.....


You could see 2 vault wardens, an ettin, 2 yaktaurs, the friendly Bogdan the orc
warlord, the friendly Olfik the orc warlord, a friendly orc warrior and a
friendly orc.

Vanquished Creatures
  Agnes (Snake:2)
  A greater naga (Snake:4)
  A tengu reaver (Vaults:2)
  Aizul (Snake:1)
  A deep elf elementalist (Elf:3)
  An ironheart preserver (Vaults:2)
  Azrael (Elf:2)
  A deep elf annihilator (Vaults:2)
  A dire elephant (Lair:8)
  A deep elf demonologist (Elf:3)
  Erolcha (D:8)
  A deep elf death mage (Elf:3)
  A deep elf high priest (Elf:3)
  A minotaur (Lab)
  A great orb of eyes (Vaults:2)
  A yaktaur captain (Vaults:2)
  10 naga warriors
  A hydra (Lair:8)
  Erica (D:8)
  3 centaur warriors
  7 anacondas
  9 dancing weapons
  4 death yaks
  9 naga sharpshooters
  The ghost of sarahorange the Destroyer, a novice DrCj of Sif Muna (Lair:1)
  The ghost of sveltemanboy the Basher, a novice OgGl of Okawaru (D:6)
  Urug (Lair:2)
  A shock serpent (Snake:2)
  4 deep elf knights
  A shadow wraith (Vaults:2)
  A giant orange brain (Vaults:1)
  A deep troll (Vaults:2)
  3 unseen horrors
  7 naga ritualists
  3 deep elf archers
  An ironbrand convoker (Vaults:2)
  A necromancer (Lair:2)
  Pikel (D:6)
  2 orc knights
  4 hill giants
  A wizard (Lair:8)
  10 mana vipers
  2 ugly things
  20 deep elf magi
  5 salamanders
  An orc sorcerer (Orc:2)
  A hornet (Vaults:2)
  A griffon (Lair:3)
  A cyclops (D:14)
  Maurice (D:8)
  Joseph (D:7)
  A centaur zombie (D:11)
  26 black mambas
  A sixfirhy (Lair:8)
  An ice statue (D:12)
  A vault sentinel (Vaults:2)
  11 naga magi
  2 gargoyles (D:12)
  A guardian serpent (Snake:2)
  5 spiny frogs
  6 komodo dragons
  3 rime drakes
  4 trolls
  A yaktaur (Vaults:1)
  An ice devil (Lair:8)
  2 red devils (Lair:8)
  Prince Ribbit (D:10)
  4 two-headed ogres
  2 slime creatures (D:14)
  Grinder (D:5)
  3 blink frogs (Lair:7)
  A redback (D:14)
  Eustachio (D:4)
  A wraith (D:13)
  A wyvern (Lair:6)
  27 yaks
  A fire elemental (Elf:1)
  3 water elementals
  4 hungry ghosts
  7 hippogriffs
  A basilisk (Lair:2)
  2 vampire mosquitoes
  Edmund (D:6)
  A mottled dragon (shapeshifter) (D:14)
  A mottled dragon (Vaults:1)
  18 nagas
  9 water moccasins
  3 wargs (Orc:2)
  3 hell hounds (Elf:2)
  Duvessa (D:4)
  8 porcupines
  7 orc warriors
  3 phantoms
  3 sky beasts
  A slave (D:5)
  A necrophage (D:10)
  13 ogres
  5 wolves
  7 centaurs
  6 crocodiles
  A big kobold (D:10)
  18 giant frogs
  An earth elemental (Elf:2)
  Dowan (D:4)
  5 scorpions
  A killer bee (D:12)
  3 spriggan skeletons (D:11)
  9 wights
  3 electric eels (Snake:3)
  2 howler monkeys
  5 crimson imps
  7 hounds
  A quasit (D:8)
  3 giant frog zombies
  5 jellies
  7 orc priests
  14 orc wizards
  A giant frog skeleton (D:6)
  3 centaur skeletons
  3 iguanas
  Ijyb (D:3)
  4 polar bear simulacra (Lair:2)
  A yak simulacrum (Lair:2)
  3 worker ants
  2 wolf simulacra (Lair:2)
  5 sheep
  3 hound skeletons
  Robin (D:2)
  A howler monkey zombie (D:8)
  A worker ant zombie (D:10)
  2 gnolls (D:3)
  20 adders
  36 river rats
  3 shadow imps
  An ooze (D:5)
  5 worms
  A dart slug (D:2)
  7 giant geckos
  32 orcs
  6 giant cockroaches
  14 goblins
  11 hobgoblins
  7 jackals
  10 quokkas
  2 ball pythons
  9 bats
  8 giant newts
  7 kobolds
  11 rats
  4 river rat simulacra (Lair:2)
  A bush (Lair:7)
  22 fungi
  13 plants
701 creatures vanquished.

Vanquished Creatures (collateral kills)
  Vashnia (Snake:4)
  Norris (Snake:3)
  A lich (Vaults:2)
  Jorgrun (Elf:2)
  Rupert (Lair:7)
  A deep elf master archer (Elf:3)
  5 deep elf blademasters
  A tengu reaver (Vaults:2)
  The ghost of TBriggs11TB the Peltast, an adept MiFi of Okawaru (Elf:3)
  Kirke (Snake:1)
  5 greater nagas
  2 fire giants (Vaults:2)
  4 deep elf sorcerers
  Maud (D:11)
  A frost giant (Vaults:2)
  A vault warden (Vaults:2)
  2 deep elf elementalists (Elf:3)
  2 ironheart preservers
  A stone giant (Orc:2)
  2 deep elf demonologists
  2 deep elf annihilators (Elf:3)
  6 vault guards (Vaults:2)
  2 deep elf death magi (Elf:3)
  A yaktaur captain (Vaults:2)
  A fire dragon (Vaults:2)
  A rakshasa (Vaults:2)
  7 naga warriors
  3 deep elf high priests
  3 ogre magi
  A death knight (Vaults:2)
  4 hydras
  18 anacondas
  26 dancing weapons
  A centaur warrior (Vaults:1)
  13 death yaks
  An orc high priest (Orc:2)
  10 shock serpents
  19 deep elf knights
  7 naga sharpshooters
  An iron troll (D:13)
  A shadow wraith (Vaults:2)
  4 skeletal warriors (D:14)
  2 salamander mystics (Snake:4)
  An unseen horror (D:11)
  A wizard (D:13)
  4 deep trolls (Vaults:2)
  5 naga ritualists
  11 deep elf archers
  An ironbrand convoker (Vaults:1)
  7 orc knights
  2 hill giants
  8 mana vipers
  4 orc sorcerers
  3 salamanders
  2 wolf spiders (Vaults:1)
  10 ugly things
  36 deep elf magi
  2 cyclopes
  3 elephants (Lair:8)
  4 guardian serpents
  17 black mambas
  2 centaur zombies
  A guardian serpent (shapeshifter) (Elf:3)
  8 vault sentinels
  25 naga magi
  3 orange demons (Lair:8)
  A smoke demon (Lair:8)
  9 spiny frogs
  A torpor snail (Lair:7)
  A rime drake (Lair:8)
  A freezing wraith (Vaults:2)
  A yaktaur (Vaults:1)
  5 komodo dragons
  A yaktaur (shapeshifter) (D:13)
  An ice devil (Lair:8)
  A hellwing (Lair:8)
  2 red devils (Lair:8)
  A troll (shapeshifter) (Vaults:1)
  A jumping spider (shapeshifter) (Vaults:1)
  3 trolls
  3 two-headed ogres
  3 slime creatures
  2 small abominations (Elf:3)
  7 blink frogs (Lair:7)
  3 boulder beetles
  3 air elementals
  A tarantella (shapeshifter) (Elf:2)
  5 redbacks (D:14)
  A wraith (D:13)
  A redback (shapeshifter) (Elf:3)
  2 water elementals
  2 hogs (Snake:1)
  A basilisk (Lair:4)
  15 yaks
  A fire elemental (Elf:2)
  A hungry ghost (D:13)
  7 hippogriffs
  8 vampire mosquitoes
  2 wargs
  42 nagas
  12 water moccasins
  2 hell hounds
  8 porcupines
  6 orc warriors
  A phantom (D:13)
  A black bear (D:12)
  An eye of draining (D:13)
  9 ogres
  9 wolves
  4 centaurs (Vaults:1)
  3 crocodiles
  8 giant frogs
  2 earth elementals (Elf:3)
  A scorpion (D:11)
  8 wights
  4 killer bees (D:12)
  A spriggan skeleton (D:11)
  A crimson imp (D:13)
  A giant frog zombie (D:12)
  3 hounds
  A jelly (D:12)
  4 orc priests
  5 orc wizards
  3 centaur skeletons
  4 worker ants
  3 sheep
  7 river rats
  4 adders
  A shadow imp (D:11)
  2 orcs
  2 bushes
  3 crawling corpses (Elf:3)
  19 fungi
  19 plants
630 creatures vanquished.

Vanquished Creatures (others)
  A deep elf master archer (Elf:3)
  4 orc warlords
  A deep elf high priest (Elf:3)
  3 orc high priests
  A shadow wraith (Vaults:2)
  2 naga sharpshooters (Snake:4)
  4 orc sorcerers
  A deep elf archer (Elf:3)
  12 orc knights
  A cyclops (D:13)
  A naga mage (Snake:4)
  2 nagas
  15 orc warriors
  10 orc priests
  8 orc wizards
  37 orcs
  2 bushes (Lair:7)
  A fulminant prism (Lair:1)
  6 fungi
  38 plants
150 creatures vanquished.

Grand Total: 1481 creatures vanquished

Notes
Turn   | Place    | Note
--------------------------------------------------------------
     0 | D:1      | dvd the Hill Orc Gladiator began the quest for the Orb.
     0 | D:1      | Reached XP level 1. HP: 18/18 MP: 1/1
   137 | D:1      | Reached XP level 2. HP: 21/25 MP: 2/2
   787 | D:2      | Reached XP level 3. HP: 24/30 MP: 3/3
   970 | D:2      | Reached skill level 1 in Armour
  1301 | D:2      | Noticed Robin
  1329 | D:2      | Reached XP level 4. HP: 30/37 MP: 4/4
  1349 | D:2      | Killed Robin
  1349 | D:2      | Reached skill level 5 in Axes
  1610 | D:3      | Found a blossoming altar of Fedhas.
  1767 | D:3      | Noticed Ijyb
  1776 | D:3      | Killed Ijyb
  1776 | D:3      | Reached XP level 5. HP: 45/45 MP: 5/5
  1910 | D:3      | Found a shattered altar of Ashenzari.
  2707 | D:4      | Found an ancient bone altar of Kikubaaqudgha.
  2716 | D:4      | Reached XP level 6. HP: 49/52 MP: 6/6
  2887 | D:4      | Noticed Eustachio
  2909 | D:4      | Noticed Duvessa
  2910 | D:4      | Noticed Dowan
  2914 | D:4      | Killed Eustachio
  2914 | D:4      | Reached skill level 6 in Axes
  2919 | D:4      | Killed Duvessa
  2919 | D:4      | Reached skill level 5 in Fighting
  2919 | D:4      | Reached XP level 7. HP: 49/61 MP: 7/7
  2929 | D:4      | Killed Dowan
  3421 | D:4      | Reached skill level 7 in Axes
  3581 | D:5      | Entered Level 5 of the Dungeon
  3614 | D:5      | Noticed Grinder
  3633 | D:5      | Paralysed by Grinder for 7 turns
  3646 | D:5      | Killed Grinder
  3646 | D:5      | Reached XP level 8. HP: 37/70 MP: 8/8
  3854 | D:5      | Reached skill level 8 in Axes
  4117 | D:5      | Found a glowing silver altar of Zin.
  4244 | D:5      | Found an opulent altar of Gozag.
  4377 | D:6      | Noticed sveltemanboy's ghost (novice OgGl)
  4446 | D:6      | Found a sacrificial altar of Ru.
  4716 | D:6      | Noticed a yak
  4717 | D:6      | Noticed a yak
  4717 | D:6      | Noticed a yak
  4717 | D:6      | Noticed a yak
  4719 | D:6      | Noticed a yak
  4721 | D:6      | Noticed a yak
  4876 | D:6      | Killed a yak
  4883 | D:6      | Killed a yak
  4883 | D:6      | Reached skill level 1 in Stealth
  4883 | D:6      | Reached XP level 9. HP: 70/79 MP: 9/9
  4894 | D:6      | Reached skill level 9 in Axes
  4894 | D:6      | Reached skill level 5 in Dodging
  5135 | D:6      | Reached skill level 1 in Maces & Flails
  5419 | D:6      | Noticed Edmund
  5443 | D:6      | Killed Edmund
  5493 | D:6      | Became a worshipper of Beogh the Brigand
  5549 | D:6      | Noticed Pikel
  5648 | D:6      | HP: 4/82 [sveltemanboy's ghost (10)]
  5857 | D:6      | Killed Pikel
  5943 | D:7      | Found a staircase to the Ecumenical Temple.
  5969 | D:7      | Reached skill level 5 in Armour
  6011 | D:7      | Reached XP level 10. HP: 63/91 MP: 10/10
  6062 | D:7      | Found Qurumyurch's Food Boutique.
  6584 | D:7      | Noticed Joseph
  6609 | D:7      | Killed Joseph
  6839 | D:8      | Noticed Maurice
  6858 | D:8      | Killed Maurice
  6881 | D:8      | Found a staircase to the Lair.
  6893 | D:8      | Noticed Erolcha
  6922 | D:8      | Killed Erolcha
  6922 | D:8      | Reached skill level 1 in Shields
  6922 | D:8      | Reached skill level 1 in Evocations
  7012 | D:8      | Reached * piety under Beogh
  7038 | D:8      | Got a heavily runed leather armour
  7049 | D:8      | Identified the +2 leather armour of Hospitality {+Blink +Inv} (You found it on level 8 of the Dungeon)
  7395 | D:8      | Noticed Erica
  7422 | D:8      | Killed Erica
  7422 | D:8      | Reached skill level 10 in Fighting
  7422 | D:8      | Reached skill level 5 in Maces & Flails
  7777 | Lair:1   | Entered Level 1 of the Lair of Beasts
  7800 | D:8      | Reached XP level 11. HP: 99/99 MP: 12/12
  7892 | Lair:1   | Noticed sarahorange's ghost (novice DrCj)
  8061 | D:9      | Found a basalt altar of Yredelemnul.
  8356 | D:9      | Found a staircase to the Orcish Mines.
  8379 | D:9      | Reached ** piety under Beogh
  8556 | D:9      | Noticed Prince Ribbit
  8742 | D:9      | Found a glowing golden altar of the Shining One.
  9077 | D:10     | Entered Level 10 of the Dungeon
  9082 | D:10     | Killed Prince Ribbit
  9082 | D:10     | Reached skill level 10 in Axes
  9168 | D:10     | Gained mutation: You expend magic power (3 MP) to strengthen your wands. [potion of mutation]
  9168 | D:10     | Gained mutation: You have a pair of small antennae on your head. [potion of mutation]
  9168 | D:10     | Gained mutation: Armour fits poorly on your strangely shaped body. [potion of mutation]
  9170 | D:10     | Lost mutation: Armour fits poorly on your strangely shaped body. [potion of cure mutation]
  9170 | D:10     | Lost mutation: You expend magic power (3 MP) to strengthen your wands. [potion of cure mutation]
  9170 | D:10     | Lost mutation: You have a pair of small antennae on your head. [potion of cure mutation]
  9173 | D:10     | Gained mutation: You have an increased reservoir of magic (+10% MP). [potion of beneficial mutation]
  9283 | D:10     | Killed an unseen horror
  9431 | D:10     | Noticed a hill giant
  9438 | D:10     | Killed a hill giant
  9925 | D:6      | Killed sveltemanboy's ghost
 10125 | Lair:1   | Killed sarahorange's ghost
 10125 | Lair:1   | Reached skill level 11 in Axes
 10125 | Lair:1   | Reached skill level 1 in Invocations
 10818 | Lair:1   | Reached XP level 12. HP: 90/110 MP: 15/15
 11146 | Lair:2   | Reached *** piety under Beogh
 11266 | Lair:2   | Reached skill level 12 in Axes
 11458 | Lair:2   | Noticed Urug
 11470 | Lair:2   | Killed Urug
 12017 | Lair:2   | Reached skill level 5 in Shields
 12278 | Orc:1    | Entered Level 1 of the Orcish Mines
 12984 | Lair:3   | Reached **** piety under Beogh
 14547 | Lair:4   | Noticed a death yak
 14549 | Lair:4   | Noticed a death yak
 14549 | Lair:4   | Noticed a death yak
 14549 | Lair:4   | Noticed a death yak
 14550 | Lair:4   | Noticed a death yak
 14551 | Lair:4   | Noticed a death yak
 14559 | Lair:4   | Killed a death yak
 14562 | Lair:4   | Killed a death yak
 14562 | Lair:4   | Reached skill level 5 in Stealth
 14565 | Lair:4   | Killed a death yak
 14565 | Lair:4   | Reached skill level 13 in Axes
 14569 | Lair:4   | Killed a death yak
 14580 | Lair:4   | Killed a death yak
 14580 | Lair:4   | Reached XP level 13. HP: 52/118 MP: 13/16
 14689 | Lair:4   | Found a staircase to the Swamp.
 15977 | Lair:6   | Found a staircase to the Snake Pit.
 15995 | Lair:6   | Gained Herok as an ally
 16011 | Lair:6   | Reached ***** piety under Beogh
 16477 | Lair:6   | Found a staircase to the Slime Pits.
 16556 | Lair:6   | Reached skill level 10 in Dodging
 16563 | Lair:6   | Gained Marbaugh as an ally
 17527 | Lair:7   | Noticed Rupert
 17529 | Lair:7   | Paralysed by Rupert for 7 turns
 17537 | Lair:7   | Killed Rupert
 17645 | Lair:7   | Reached skill level 14 in Axes
 17929 | Lair:7   | Reached XP level 14. HP: 124/127 MP: 17/17
 18262 | Lair:8   | Entered Level 8 of the Lair of Beasts
 18649 | Lair:8   | Noticed a dire elephant
 18663 | Lair:8   | Killed a dire elephant
 18900 | Lair:8   | Found a burning altar of Makhleb.
 18913 | Lair:8   | Found a gateway to Hell.
 18919 | Lair:8   | Reached ****** piety under Beogh
 18919 | Lair:8   | Gained Oreg as an ally
 18920 | Lair:8   | Gained Thorok as an ally
 20013 | Orc:1    | Found a deep blue altar of Sif Muna.
 20124 | Orc:2    | Entered Level 2 of the Orcish Mines
 20129 | Orc:2    | Found a labyrinth entrance.
 20141 | Lab      | Entered a labyrinth
 21356 | D:11     | Reached skill level 10 in Shields
 21452 | D:11     | Noticed Maud
 21461 | D:11     | Killed Maud
 21522 | D:12     | Found a flickering gateway to a bazaar.
 21548 | Bazaar   | Entered a bazaar
 21548 | Bazaar   | Found Ritiah's Gadget Shoppe.
 21548 | Bazaar   | Found Lygi Roost's Magic Scroll Shoppe.
 21548 | Bazaar   | Found Ycoicex's Magic Scroll Emporium.
 21548 | Bazaar   | Found Duilu's Jewellery Emporium.
 21548 | Bazaar   | Found Itaux's Weapon Shoppe.
 21595 | Bazaar   | Bought a scroll of acquirement for 988 gold pieces
 21595 | Bazaar   | Bought a scroll of enchant armour for 142 gold pieces
 21760 | D:12     | Reached skill level 15 in Axes
 22180 | D:12     | Found a shimmering altar of Xom.
 22804 | D:13     | Gained Oruk as an ally
 23187 | D:13     | Found a gate to the Vaults.
 23451 | D:14     | Reached XP level 15. HP: 111/137 MP: 17/19
 24343 | Snake:1  | Entered Level 1 of the Snake Pit
 24343 | Snake:1  | Noticed Aizul
 24353 | Snake:1  | Killed Aizul
 24353 | Snake:1  | Reached skill level 16 in Axes
 24833 | Snake:1  | Noticed Kirke
 24842 | Snake:1  | Killed Kirke
 25011 | Snake:1  | Gained Oruk as an ally
 25031 | Snake:1  | Reached skill level 5 in Invocations
 25878 | Snake:2  | Gained Bogdan as an ally
 25890 | Snake:2  | Your ally Oruk died
 25907 | Snake:2  | Your ally Oruk died
 26030 | Snake:2  | Your ally Herok died
 26040 | Snake:2  | Reached skill level 17 in Axes
 26299 | Snake:2  | Noticed a greater naga
 26316 | Snake:2  | Killed a greater naga
 26401 | Snake:2  | Noticed Agnes
 26409 | Snake:2  | Reached XP level 16. HP: 107/147 MP: 19/22
 26414 | Snake:2  | Killed Agnes
 26656 | Snake:2  | Gained Bogdan as an ally
 27203 | Snake:3  | Noticed Norris
 27209 | Snake:3  | Paralysed by Norris for 7 turns
 27215 | Snake:3  | Killed Norris
 27670 | Snake:3  | Noticed a greater naga
 27676 | Snake:3  | Killed a greater naga
 27898 | Snake:3  | Found Pephofoli's Book Boutique.
 28130 | Snake:3  | Reached skill level 18 in Axes
 28134 | Snake:3  | Reached skill level 15 in Fighting
 28634 | Snake:2  | Noticed a greater naga
 28988 | Orc:2    | Found a staircase to the Elven Halls.
 29059 | Orc:2    | Found Podonat's Assorted Antiques.
 29091 | Orc:2    | Found Ysudghyr's Assorted Antiques.
 29099 | Orc:2    | Your ally Marbaugh died
 29103 | Orc:2    | Your ally Oreg died
 29110 | Orc:2    | Gained Olfik as an ally
 29121 | Orc:2    | Found Pestyimo's Book Emporium.
 29164 | Orc:2    | Found Muhyjou's Magic Scroll Shop.
 29233 | Orc:2    | Bought a scroll of blinking for 105 gold pieces
 29246 | Orc:2    | Bought a blue potion for 23 gold pieces
 29246 | Orc:2    | Reached skill level 10 in Armour
 29246 | Orc:2    | Reached XP level 17. HP: 154/156 MP: 24/24
 29624 | Swamp:1  | Entered Level 1 of the Swamp
 29790 | Snake:4  | Entered Level 4 of the Snake Pit
 29910 | Snake:4  | Found a runed gate.
 29910 | Snake:4  | Found a runed gate.
 29910 | Snake:4  | Found a runed gate.
 30187 | Snake:4  | Noticed Vashnia
 30194 | Snake:4  | Your ally Olfik died
 30208 | Snake:4  | Killed Vashnia
 30220 | Snake:4  | Gained Bogwald as an ally
 30460 | Snake:4  | Reached XP level 18. HP: 165/165 MP: 22/25
 30481 | Snake:4  | Gained mutation: You are partially covered in molten scales (AC +1). [potion of beneficial mutation]
 30633 | Snake:4  | Found a basalt altar of Yredelemnul.
 31101 | Snake:4  | Your ally Bogwald died
 31160 | Snake:4  | Reached skill level 19 in Axes
 31569 | Snake:4  | Got a serpentine rune of Zot
 32283 | Elf:1    | Entered Level 1 of the Elven Halls
 32327 | Elf:1    | Found a radiant altar of Vehumet.
 33025 | Elf:1    | Found Elluasmo's General Store.
 33421 | Elf:2    | Noticed Azrael
 33432 | Elf:2    | Killed Azrael
 33486 | Elf:2    | Found a runed gate.
 33492 | Elf:2    | Found a runed gate.
 33493 | Elf:2    | Found a runed gate.
 33504 | Elf:2    | Gained Olfik as an ally
 33752 | Elf:2    | Noticed Jorgrun
 33760 | Elf:2    | Killed Jorgrun
 34416 | Elf:2    | Noticed a deep elf blademaster
 34422 | Elf:2    | Killed a deep elf blademaster
 34422 | Elf:2    | Reached skill level 20 in Axes
 34422 | Elf:2    | Reached XP level 19. HP: 145/172 MP: 27/27
 34947 | Elf:3    | Entered Level 3 of the Elven Halls
 35120 | Elf:3    | Noticed TBriggs11TB's ghost (adept MiFi)
 35130 | Elf:3    | Killed TBriggs11TB's ghost
 36117 | Elf:3    | Your ally Bogdan died
 36235 | Elf:3    | Got a warped ivory ring
 36265 | Elf:3    | Identified the ring "Irenkeirch" {MR+ SInv Stlth+} (You took it off a deep elf knight on level 3 of the Elven Halls)
 36381 | Elf:3    | Got a faintly glowing spear {pierce}
 36382 | Elf:3    | Identified the cursed +1 spear of Wealth {pierce, rElec} (You took it off a deep elf death mage on level 3 of the Elven Halls)
 36460 | Elf:3    | Identified the Tome of Lucky Evil Secrets (You found it on level 3 of the Elven Halls)
 36645 | Elf:3    | Got a scorched iron ring
 36647 | Elf:3    | Identified the ring of Lockouku {Fire Int+4 Dex+4 Stlth+} (You took it off a deep elf mage on level 3 of the Elven Halls)
 37302 | Orc:1    | Found a roughly hewn altar of Beogh.
 37304 | Orc:1    | Paralysed by an orc sorcerer for 7 turns
 37585 | Vaults:1 | Entered Level 1 of the Vaults
 38027 | Vaults:1 | Got a bloodstained chain mail
 38038 | Vaults:1 | Identified the +1 chain mail "Tosistos" {rF+ Dex+4 Stlth+} (You found it on level 1 of the Vaults)
 38118 | Vaults:1 | Reached skill level 1 in Polearms
 38241 | Vaults:1 | Got a dazzling quarterstaff
 38242 | Vaults:1 | Identified the +8 quarterstaff "Muah" {flame, *Contam rPois Dex+2} (You found it on level 1 of the Vaults)
 38935 | Vaults:2 | Got an encrusted plate armour
 38946 | Vaults:2 | Identified the +1 plate armour "Lotwopey" {rC++} (You found it on level 2 of the Vaults)
 39079 | Vaults:2 | Got a jewelled executioner's axe
 39085 | Vaults:2 | Identified the cursed +3 executioner's axe of Laceration {chop, rPois Int+4} (You found it on level 2 of the Vaults)
 39375 | Vaults:2 | Got a slimy hand crossbow {venom}
 39376 | Vaults:2 | Identified the +7 hand crossbow of Arrival {venom, rElec SInv} (You took it off a vault sentinel on level 2 of the Vaults)
 39494 | Vaults:2 | Noticed a lich
 39495 | Vaults:2 | Your ally Thorok died
 39495 | Vaults:2 | Your ally Bogwald died
 39499 | Vaults:2 | Reached XP level 20. HP: 154/184 MP: 27/30
 39515 | Vaults:2 | Your ally Bogdan died
 39907 | Vaults:2 | Reached skill level 5 in Polearms
 39973 | Vaults:2 | Slain by a vault warden

Skill      XL: |  1  2  3  4  5  6  7  8  9 10 11 12 13 14 15 16 17 18 19 20 |
---------------+-------------------------------------------------------------+-----
Armour         | 1 2 3 4 5 6 7 8 10 12 13 | 13.6
Dodging        | 3 4 6 7 8 9 10 11 | 11.5
Axes           | 5 6 7 8 9 11 13 14 15 17 18 20 | 20.8
Fighting       | 3 4 5 6 7 9 10 11 12 13 14 15 16 17 | 17.3
Throwing       | 2 |  2.6
Stealth        | 1 2 3 4 5 6 7 8 |  8.1
Maces & Flails | 2 5 6 7 |  7.2
Shields        | 1 3 6 8 10 11 12 13 14 | 14.5
Evocations     | 1 3 |  3.4
Invocations    | 2 3 5 7 8 9 |  9.9
Polearms       | 4 5 |  5.2

Action                   |  1- 3 |  4- 6 |  7- 9 | 10-12 | 13-15 | 16-18 | 19-21 || total
-------------------------+-------+-------+-------+-------+-------+-------+-------++-------
Melee: War axe           |   137 |   191 |   200 |   489 |   843 |   553 |       ||  2413
       Whip              |       |       |    96 |    77 |       |       |       ||   173
       Flail             |       |       |    50 |   250 |    81 |       |       ||   381
       Broad axe         |       |       |       |       |       |   133 |   148 ||   281
       Lance             |       |       |       |       |       |       |   335 ||   335
Throw: Throwing net      |       |     3 |     1 |     6 |       |       |       ||    10
Invok: Convert to Beogh  |       |       |     1 |       |       |       |       ||     1
       Smiting           |       |       |       |     5 |    10 |     3 |     9 ||    27
       Recall Orcish Fol |       |       |       |     2 |    32 |    63 |    38 ||   135
       Give Item to Name |       |       |       |       |     7 |     4 |       ||    11
       Resurrection      |       |       |       |       |     1 |     2 |     1 ||     4
       Stop Recall       |       |       |       |       |       |       |     1 ||     1
Evoke: Wand              |       |       |     1 |     5 |     6 |    12 |       ||    24
  Use: Scroll            |     4 |     1 |    10 |    10 |    10 |    15 |    13 ||    63
       Potion            |       |       |     3 |    14 |     7 |     8 |     5 ||    37
 Stab: Sleeping          |       |       |     2 |    17 |    15 |       |       ||    34
       Held in net/web   |       |       |       |     1 |       |       |       ||     1
       Distracted        |       |       |       |     3 |     8 |    13 |    11 ||    35
       Paralysed         |       |       |       |       |     1 |       |       ||     1
       Confused          |       |       |       |       |       |     1 |     1 ||     2
  Eat: Chunk             |     1 |     6 |     4 |    27 |    29 |    15 |    19 ||   101
       Meat ration       |       |       |     1 |     1 |     1 |     1 |       ||     4
       Beef jerky        |       |       |       |     1 |     5 |     1 |       ||     7
       Pizza             |       |       |       |       |     1 |     3 |     1 ||     5
       Royal jelly       |       |       |       |       |     1 |     4 |       ||     5
       Fruit             |       |       |       |       |       |     2 |     1 ||     3
Armor: Leather armour    |    53 |    16 |    81 |   184 |   132 |       |       ||   466
       Chain mail        |       |   106 |    46 |    55 |       |       |       ||   207
       Plate armour      |       |       |       |     1 |   159 |   277 |   212 ||   649
       Crystal plate arm |       |       |       |       |    21 |       |       ||    21
Dodge: Dodged            |   108 |   115 |   186 |   356 |   352 |   345 |   211 ||  1673
Block: Buckler           |       |       |       |    63 |   222 |   393 |   123 ||   801
       Large shield      |       |       |       |   230 |   411 |       |       ||   641
       Reflection        |       |       |       |       |    28 |    72 |    28 ||   128
